 Dungeon Crawl Stone Soup version 0.32-a0-791-gfc315c9ecd (webtiles) character file.

Game seed: 15821629938202067399

38 cforsyth the Firebug (level 3, 0/31 HPs)
             Began as a Mountain Dwarf Cinder Acolyte on Mar 21, 2024.
             Was a High Priest of Ignis.
             Killed from afar by an orc wizard (3 damage)
             ... with a puff of flame
             ... on level 2 of the Dungeon.
             The game lasted 00:01:24 (1203 turns).

cforsyth the Firebug (MDCA)                         Turns: 1203, Time: 00:01:24

Health: 0/31       AC:  3    Str: 18    XL:     3   Next: 25%
Magic:  5/5        EV: 10    Int: 14    God:    Ignis [*****.]
Gold:   124        SH:  0    Dex:  5    Spells: 2/4 levels left

rFire   + . .        a - -1 hand axe (flame)
rCold   . . .        (no shield)
rNeg    . . .        b - +0 robe
rPois   .            e - +0 helmet
rElec   .            (no cloak)
rCorr   .            (no gloves)
SInv    .            (no boots)
Will    .....        (no amulet)
Stlth   +            (no ring)
HPRegen 0.25/turn    (no ring)
MPRegen 0.09/turn

%: no passive effects
@: no status effects
A: runic magic, artefact enchanting
a: Renounce Religion, Fiery Armour, Foxfire Swarm, Rising Flame


You were on level 2 of the Dungeon.
You worshipped Ignis.
Ignis was extremely pleased with you.
You visited 1 branch of the dungeon, and saw 2 of its levels.

You collected 124 gold pieces.


Innate Abilities, Weirdness & Mutations

Your spellcasting is much less encumbered by armour.
You can use scrolls of enchantment on lesser artefacts.


   Skills:
 + Level 3.6 Fighting
 + Level 4.0 Axes
 + Level 1.1 Armour
 + Level 1.4 Spellcasting
 + Level 4.1 Fire Magic


You had 2 spell levels left.
You knew the following spells:

 Your Spells              Type           Power      Damage    Failure   Level
X - Scorch                Fire           24%        2d6       7%          2

Your spell library contained the following spells:

 Spells                   Type           Power      Damage    Failure   Level
 Apportation              Tloc           0%         N/A       26%         1
 Necrotise                Necr           0%         1d4       26%         1
 Sting                    Conj/Alch      0%         1d3       26%         1
 Summon Small Mammal      Summ           0%         N/A       26%         1

Inventory:

Hand Weapons
 a - a -1 hand axe of flaming (weapon)
Armour
 b - a +0 robe (worn)
 e - a +0 helmet (worn)
Magical Staves
 c - a staff of fire {!a}
Jewellery
 Z - a ring of wizardry
Scrolls
 d - 2 scrolls of identify {unknown}
 g - a scroll of fear {unknown}
 h - a scroll of enchant weapon {unknown}
 i - a scroll of noise {unknown}
 j - a scroll of poison {unknown}
Potions
 f - a potion of brilliance {unknown}

Dungeon Overview and Level Annotations

Branches:
Dungeon (2/15)

Altars:

#.#.# #.# #.####.# #.# #.#.# #.#
#......# #.# #..o##.# #.#
##########+## #o.....# #.#####
##...## ##.###### #.....#
##.....# # ##..#### #.....#
##.......
####..o...######.#...####........
'..........{............'........
####...##.######@#...####........
# ##...##.# #.##.## ##.......
#....##.# #.#### ##.....#
#..####.# #.# ##...## #.......#
#.# ##+## #.####### #.#########
#.### #.# #.........# #.... ###.#
#.#######.# ##.### ....# #.#####
#.###...##


There were no monsters in sight!


Message History

You hear some strange, mumbled words.
A magic dart appears from out of thin air!
The magic dart hits you.
Unknown command.
You hear some strange, mumbled words.
You are confused.
Something hits you.
* * * LOW HITPOINT WARNING * * *
You writhe in agony.
* * * LOW HITPOINT WARNING * * *
You miss something. x2; Something hits you.
* * * LOW HITPOINT WARNING * * *
Something hits you.
* * * LOW HITPOINT WARNING * * *
You hear some strange, mumbled words.
A puff of flame appears from out of thin air!
The puff of flame hits you. You resist.
* * * LOW HITPOINT WARNING * * *
Unknown command.
You feel less confused.
A puff of flame appears from out of thin air!
The puff of flame hits you. You resist.
* * * LOW HITPOINT WARNING * * *
A puff of flame appears from out of thin air!
The puff of flame hits you. You resist.
* * * LOW HITPOINT WARNING * * *
A puff of flame appears from out of thin air!
The puff of flame hits you. You resist.
You die...
Ignis goes out, and joins you in death.

Skill      XL: |  1  2 |
---------------+-------+-----
Armour         | 1 |  1.1
Axes           | 4 |  4.0
Fire Magic     | 4 |  4.1
Fighting       | |  3.6
Spellcasting   | |  1.4

Action                     || total
---------------------------++-------
  Melee: Hand axe          ||    87
 Armour: Robe              ||    73
  Dodge: Dodged            ||    35

Levels and vault maps discovered:
D:1:      dpeg_arrival_tiny_a, layout_rooms, corexii_hall_statues_x,
          st_stairs_3, minmay_tree_intersection, minmay_bisected
D:2:      minmay_razor_zed, layout_loops_corners, uniq_sigmund

Notes
Turn   | Place    | Note
-------+----------+-------------------------------------------
     0 | D:1      | cforsyth the Mountain Dwarf Cinder Acolyte began the quest
                  | for the Orb.
     0 | D:1      | Reached XP level 1. HP: 19/19 MP: 2/2
   173 | D:1      | Reached XP level 2. HP: 21/26 MP: 3/3
   414 | D:1      | Reached skill level 1 in Armour
   910 | D:2      | Reached skill level 4 in Axes
   910 | D:2      | Reached skill level 4 in Fire Magic
   910 | D:2      | Reached XP level 3. HP: 22/31 MP: 3/5
  1099 | D:2      | Learned a level 2 spell: Scorch
  1201 | D:2      | HP: 3/31 [something/puff of flame (3)]
  1203 | D:2      | Killed from afar by an orc wizard

Vanquished Creatures
  An adder (D:2)
  A ribbon worm (D:2)
  A ball python (D:1)
  4 endoplasms (D:1)
  A giant cockroach (D:1)
  4 goblins (D:1)
  A hobgoblin (D:1)
  A jackal (D:1)
  A kobold (D:1)
  2 quokkas
  2 bats
  3 frilled lizards (D:1)
  4 rats
26 creatures vanquished.

Table legend: (Time is in decaauts)
 A = Elapsed time spent in this place.
 B = Non-inter-level travel time spent in this place.
 C = Inter-level travel time spent in this place.
 D = Time resting spent in this place.
 E = Time spent auto-exploring this place.
 F = Levels seen in this place.
 G = Mean time per level.
                   A        B        C        D        E       F      G
               +--------+--------+--------+--------+--------+-----+--------+
         Total |   1212 |   1178 |     34 |      0 |    960 |   2 |  606.0 |
       Dungeon |   1212 |   1178 |     34 |      0 |    960 |   2 |  606.0 |
               +--------+--------+--------+--------+--------+-----+--------+

Top non-repeatable levels by time:
     D:1: 737 daAuts
     D:2: 474 daAuts

Table legend:
 A = Non-vault XP
 B = Vault XP
 C = Vault XP percentage of total XP
 D = Non-vault monster count
 E = Vault monster count
 F = Vault count percentage of total count
                 A         B        C        D         E       F
            +---------+---------+-------+---------+---------+-------
      Total |      42 |      13 |  23.6 |      18 |       8 |  30.8
            +---------+---------+-------+---------+---------+-------
        D:1 |      20 |      13 |  39.4 |      12 |       8 |  40.0
        D:2 |      22 |       0 |   0.0 |       6 |       0 |   0.0
            +---------+---------+-------+---------+---------+-------
